Map: Frozen Temple

Players

Byung

  • Race: Terran Terran
  • League: Gold

capac - Winner!

  • Race: Terran Terran
  • League: Gold

VOD

Have the link to the VOD?

Description

Time

  • Played on: May 4, 2016, 2:07 p.m.
  • Length: 7:14
Show
View Real Time Build Order
Export as new Build Order

Byung Terran 

Build Orders:  

Get SALT Encoding   

  12  0:01  SCV  
  13  0:13  SCV  
  14  0:20  Supply Depot  
  14  0:25  SCV  
  15  0:31  Refinery  
  15  0:41  SCV  
  16  0:47  Barracks  
  16  0:54  SCV  
  17  1:06  SCV  
  18  1:18  SCV  
  19  1:27  Supply Depot  
  19  1:41  Marine  
  19  1:43  Orbital Command  
  19  1:44  Factory  
  20  1:51  Refinery  
  20  1:59  Marine  
  21  2:07  Supply Depot  
  21  2:13  SCV  
  22  2:17  Marine  
  25  2:31  Widow Mine, Starport  
  25  2:33  SCV  
  26  2:50  SCV  
  27  2:59  Barracks Reactor  
  27  3:00  Widow Mine  
  29  3:08  Medivac  
  31  3:17  Command Center  
  31  3:23  SCV  
  32  3:35  Marine x2  
  34  3:44  Widow Mine  
  36  3:51  Medivac  
  36  3:53  Marine  
  39  3:58  Supply Depot  
  39  4:12  Supply Depot  
  39  4:19  Marine x2  
  39  4:22  Command Center  
  41  4:37  Factory Tech Lab, Marine  
  32  4:38  Orbital Command  
  32  4:43  Starport Reactor  
  32  4:50  Barracks  
  32  4:53  Barracks  
  32  5:01  Marine x2  
  32  5:07  Engineering Bay  
  37  5:08  SCV  
  37  5:13  Siege Tank  
  38  5:14  SCV  
  38  5:19  Marine  
  38  5:38  Marine x2  
  36  5:45  Siege Tank  
  37  5:54  Barracks Tech Lab, Orbital Command, SCV  
  37  5:56  Marine  
  40  6:01  Starport Reactor  
  39  6:06  SCV  
  39  6:10  Marine  
  39  6:11  Marine x2  
  42  6:14  Marine  
  42  6:18  Marine  
  45  6:28  Marine x2  
  45  6:29  Marine  
  48  6:34  Engineering Bay, Marine  
  48  6:36  Marine  
  48  6:38  Medivac  
  52  6:41  SCV  
  52  6:43  SCV  
  54  6:53  SCV  
Show
View Real Time Build Order
Export as new Build Order

capac Terran - Winner!

Build Orders: Reaper Expand 

Get SALT Encoding   

  12  0:01  SCV  
  13  0:13  SCV  
  14  0:18  Supply Depot  
  14  0:26  SCV  
  15  0:40  SCV  
  15  0:41  Barracks  
  16  0:46  Refinery  
  16  0:54  SCV  
  17  1:06  SCV  
  18  1:19  SCV  
  19  1:30  Reaper  
  19  1:31  Orbital Command  
  20  1:46  Command Center  
  20  1:57  SCV  
  21  2:02  Supply Depot, Marine  
  22  2:13  SCV  
  23  2:17  Refinery, Factory  
  23  2:25  SCV  
  23  2:28  Barracks Reactor  
  24  2:34  Barracks  
  24  2:48  Engineering Bay  
  24  2:52  SCV  
  25  3:04  Factory Tech Lab, SCV  
  25  3:05  Barracks  
  26  3:14  Starport  
  26  3:15  SCV  
  27  3:30  Siege Tank  
  27  3:32  Missile Turret  
  30  3:36  Missile Turret  
  30  3:39  Marine x2  
  32  3:48  SCV  
  32  3:49  Refinery  
  32  3:55  Orbital Command  
  33  4:11  Missile Turret  
  33  4:14  Siege Tank  
  33  4:15  Barracks Tech Lab  
  36  4:17  Barracks Reactor  
  36  4:18  Starport Reactor  
  36  4:21  SCV  
  37  4:28  Marine x2  
  39  4:41  Stimpack  
  39  4:42  Marine  
  39  4:44  SCV  
  39  4:45  SCV  
  42  4:54  Marine x2  
  42  4:57  SCV  
  45  5:09  Marine  
  46  5:17  Supply Depot  
  46  5:18  Marine  
  46  5:19  Marine, SCV x2  
  50  5:22  Marine x2  
  50  5:24  Medivac  
  54  5:32  Medivac  
  51  5:44  SCV x2  
  53  5:53  Marine x3  
  53  5:54  Marine  
  53  5:56  SCV x2  
  59  6:11  Command Center  
  59  6:17  Siege Tank  
  62  6:34  Supply Depot  
  62  6:36  Medivac x2  
  62  6:37  Supply Depot  
  62  6:39  Marine x3  
  68  6:40  Marine  
  70  6:55  Marine, SCV  
  70  6:56  SCV  
Tags
 
Add a new tag
Caveats
  • Supply blocks, unpowered buildings, or Contaminate may cause inaccurate times.
  • Supply counts are checked every 10 seconds.